 Dungeon Crawl Stone Soup version 0.14-a0-1413-g94b8a5e (webtiles) character file.

149 PolkaDot the Cutter (level 3, -2/28 HPs)
             Began as a Vampire Death Knight on Dec 11, 2013.
             Was a Believer of Yredelemnul.
             Killed from afar by Crazy Yiuf (5 damage)
             ... with a wand of magic darts
             ... on Level 2 of the Dungeon.
             The game lasted 00:06:00 (1764 turns).

PolkaDot the Cutter (Vampire Death Knight)          Turns: 1764, Time: 00:06:01

HP  -2/28        AC  3     Str 12      XL: 3   Next: 64%
MP   4/4         EV 10     Int 13      God: Yredelemnul [**....]
Gold 96          SH  0     Dex 14      Spells:  0 memorised,  2 levels left

rFire  . . .     SeeInvis +     a - +1 short sword
rCold  . . .     Clarity  .     b - +0 leather armour
rNeg   . . .     Conserve .     (no shield)
rPois  .         rCorr    .     (no helmet)
rElec  .         rRot     .     (no cloak)
SustAb . .       Spirit   .     (no gloves)
rMut   .         Warding  .     (no boots)
Saprov . . .     Stasis   .     (no amulet)
                                (no ring)
                                (no ring)

@: regenerating quickly, very slightly contaminated, hasted, very quick,
slightly resistant to hostile enchantments, unstealthy
A: fangs 3, see invisible, deterioration 1, unbreathing
a: Animate Remains, Recall Undead Slaves, Injury Mirror, Renounce Religion


You were on level 2 of the Dungeon.
You worshipped Yredelemnul.
Yredelemnul was pleased with you.
You were full.

You visited 1 branch of the dungeon, and saw 2 of its levels.

You collected 96 gold pieces.

Inventory:

Hand weapons
 a - a +1,+1 short sword (weapon)
Armour
 b - a +0 leather armour (worn)
Magical devices
 k - a wand of fireball (5)
Scrolls
 c - a scroll of curse armour {unknown}
 d - a scroll of curse jewellery {unknown}
 e - a scroll of teleportation {unknown}
 f - a scroll of identify {unknown}
 j - 2 scrolls of remove curse {unknown}
Potions
 i - a potion of speed


   Skills:
 + Level 2.8 Fighting
 * Level 3.5 Short Blades
 - Level 0.7 Armour
 - Level 1.1 Dodging
 - Level 2.4 Invocations


You had 2 spell levels left.
You didn't know any spells.

Dungeon Overview and Level Annotations

Branches:
Dungeon (2/16)

Altars:
Okawaru

Annotations:
D:2 Crazy Yiuf


Innate Abilities, Weirdness & Mutations

Your natural rate of healing is unusually fast.
You have razor-sharp teeth.*
You have supernaturally acute eyesight.
You can survive without breathing.*
Your body is slowly deteriorating.+


Message History

Crazy Yiuf hits you with a quarterstaff of chaos!
You hit Crazy Yiuf but do no damage.
Crazy Yiuf is severely wounded.
Crazy Yiuf barely misses you.
You closely miss Crazy Yiuf.
Crazy Yiuf is severely wounded.
You hit Crazy Yiuf.
Crazy Yiuf is severely wounded.
Crazy Yiuf zaps a wand.
The magic dart hits you!
You closely miss Crazy Yiuf.
Crazy Yiuf is severely wounded.
You hit Crazy Yiuf.
Crazy Yiuf is almost dead.
Crazy Yiuf zaps a wand.
The magic dart hits you!
* * * LOW HITPOINT WARNING * * *
You closely miss Crazy Yiuf. You bite Crazy Yiuf, but do no damage.
Crazy Yiuf is almost dead.
Crazy Yiuf zaps a wand.
The magic dart hits you!
You die...
Yredelemnul claims you as an undead slave.

#.........# #.# #..#
#...####..###'###..#
#....# #....z_'z.%##
##..#####.#######.#
♣♣...♣♣#..# ### #.#
♣♣...♣♣#..#######.##
♣♣♣z♣♣♣#............
♣♣♣♣z♣♣#..#....##.##
♣♣@♣♣♣####...###.#
♣♣g♣♣♣ #...# #.#
♣.♣♣♣ #...# #.#
#.##♣ #...# #.# ..
#...# #.# #.. #####
#.# #.. #.. ### ###


You could see Crazy Yiuf, a friendly adder zombie and a friendly hobgoblin
skeleton.

Vanquished Creatures
  An adder (D:2)
  A ball python (D:1)
  A giant cockroach (D:1)
  7 hobgoblins
  2 jackals (D:2)
  4 bats
  A giant gecko (D:1)
  2 giant newts (D:1)
  6 goblins
  4 kobolds
  3 rats (D:2)
32 creatures vanquished.

Vanquished Creatures (collateral kills)
  An adder (D:2)
  A goblin (D:1)
  A hobgoblin (D:2)
  A jackal (D:2)
4 creatures vanquished.

Vanquished Creatures (others)
  A jackal skeleton (D:2)
  A jackal zombie (D:2)
2 creatures vanquished.

Grand Total: 38 creatures vanquished

Notes
Turn   | Place    | Note
--------------------------------------------------------------
     0 | D:1      | PolkaDot, the Vampire Death Knight, began the quest for the Orb.
     0 | D:1      | Reached XP level 1. HP: 16/16 MP: 1/1
   219 | D:1      | Reached XP level 2. HP: 20/22 MP: 2/2
   844 | D:2      | Acquired Yredelemnul's second power
   844 | D:2      | Reached skill level 3 in Short Blades
  1258 | D:2      | Reached XP level 3. HP: 19/28 MP: 4/4
  1356 | D:2      | Found an iron altar of Okawaru.
  1747 | D:2      | Noticed Crazy Yiuf
  1753 | D:2      | Gained mutation: Your body is slowly deteriorating. [potion of mutation]
  1764 | D:2      | Killed from afar by Crazy Yiuf

Action                   || total
-------------------------++-------
Melee: Short sword       ||   129
Invok: Animate Remains   ||    12
Evoke: Wand              ||     1
  Use: Potion            ||     7
